Map: Neon Violet Square LE

Players

James

  • Race: Protoss Protoss
  • League: Silver
  • Spawn Location: 5:00

Infamous - Winner!

  • Race: Protoss Protoss
  • League: Bronze
  • Spawn Location: 11:00

VOD

Have the link to the VOD?

Description

Time

  • Played on: Jan. 28, 2018, 6:23 p.m.
  • Length: 10:51
Show
View Real Time Build Order
Export as new Build Order

James Protoss 

Build Orders: Cannon Rush 

Get SALT Encoding   

  12  0:18  Pylon  
  12  0:19  Probe  
  13  0:31  Probe (Chrono Boost)  
  14  0:38  Forge  
  14  0:43  Probe (Chrono Boost)  
  15  0:52  Probe (Chrono Boost)  
  16  0:58  Probe  
  17  1:07  Pylon  
  17  1:10  Probe  
  18  1:17  Pylon  
  18  1:27  Photon Cannon  
  18  1:29  Photon Cannon  
  18  1:39  Photon Cannon  
  18  1:52  Photon Cannon  
  17  2:37  Assimilator  
  17  2:42  Assimilator  
  17  2:46  Gateway  
  17  2:53  Probe  
  18  3:00  Photon Cannon  
  18  3:01  Photon Cannon  
  18  3:05  Probe  
  19  3:19  Pylon  
  19  3:25  Pylon  
  19  3:39  Pylon  
  19  3:50  Pylon  
  19  3:56  Nexus  
  19  4:00  Assimilator  
  19  4:04  Assimilator  
  19  4:09  Pylon  
  19  4:11  Pylon, Photon Cannon  
  19  4:14  Pylon  
  19  4:20  Pylon  
  19  4:25  Photon Cannon  
  19  4:27  Pylon  
  19  4:35  Cybernetics Core  
  19  5:18  Pylon  
  18  5:31  Photon Cannon  
  18  5:35  Photon Cannon  
  18  5:58  Photon Cannon  
  18  6:02  Probe (Chrono Boost)  
  19  6:08  Protoss Air Armor Level 1  
  20  6:12  Probe (Chrono Boost)  
  20  6:17  Probe (Chrono Boost)  
  20  6:28  Probe (Chrono Boost)  
  21  6:36  Stargate  
  21  6:39  Probe (Chrono Boost), Stargate  
  22  6:43  Probe (Chrono Boost)  
  23  6:54  Probe  
  24  7:07  Probe  
  25  7:19  Probe  
  25  7:22  Phoenix (Chrono Boost)  
  28  7:30  Void Ray (Chrono Boost)  
  28  7:31  Probe  
  33  7:43  Probe  
  38  7:45  Void Ray (Chrono Boost)  
  38  7:55  Probe  
  39  8:02  Protoss Air Weapons Level 1  
  39  8:03  Phoenix  
  41  8:07  Probe  
  42  8:19  Probe  
  37  8:28  Void Ray (Chrono Boost)  
  37  8:30  Phoenix  
  30  9:06  Void Ray (Chrono Boost)  
  30  9:08  Void Ray (Chrono Boost)  
  32  10:02  Void Ray  
  32  10:07  Void Ray  
  40  10:15  Probe  
Show
View Real Time Build Order
Export as new Build Order

Infamous Protoss - Winner!

Build Orders:  

Get SALT Encoding   

  12  0:01  Probe  
  13  0:14  Pylon  
  13  0:18  Probe (Chrono Boost)  
  14  0:30  Probe (Chrono Boost)  
  15  0:36  Gateway  
  15  0:37  Probe  
  16  0:50  Probe  
  16  0:56  Assimilator  
  17  1:02  Probe  
  18  1:14  Pylon  
  18  1:21  Probe (Chrono Boost)  
  18  1:25  Zealot  
  21  1:31  Probe (Chrono Boost)  
  22  2:09  Probe  
  23  2:18  Pylon  
  22  2:23  Zealot  
  24  2:30  Assimilator  
  24  2:32  Cybernetics Core  
  24  2:37  Probe  
  24  2:39  Pylon  
  25  2:51  Probe (Chrono Boost)  
  26  2:58  Zealot  
  27  3:03  Probe (Chrono Boost)  
  27  3:04  Warp Gate (Chrono Boost)  
  28  3:38  Stalker  
  30  3:53  Stargate  
  30  3:56  Probe  
  30  4:00  Pylon  
  31  4:16  Stalker  
  31  4:26  Probe  
  31  4:30  Stargate  
  32  4:39  Gateway  
  32  4:44  Gateway  
  32  4:47  Void Ray  
  32  4:48  Gateway  
  34  4:57  Protoss Air Weapons Level 1  
  34  5:07  Probe  
  35  5:25  Void Ray (Chrono Boost)  
  39  5:34  Void Ray (Chrono Boost)  
  43  5:51  Stalker  
  43  5:52  Stalker x2  
  49  6:17  Void Ray (Chrono Boost)  
  53  6:34  Sentry  
  55  6:47  Pylon  
  55  6:49  Pylon  
  55  6:51  Pylon  
  55  7:11  Pylon, Void Ray (Chrono Boost)  
  55  7:13  Pylon  
  59  7:40  Stalker  
  61  7:45  Zealot x3  
  65  8:13  Stalker x3  
  65  8:14  Stalker  
  69  8:34  Void Ray  
  73  9:07  Stalker x4  
  76  9:38  Probe (Chrono Boost)  
  76  9:42  Stalker x2  
  76  9:43  Stalker  
Tags
 
Add a new tag
Caveats
  • Supply blocks, unpowered buildings, or Contaminate may cause inaccurate times.
  • Supply counts are checked every 10 seconds.